 Dungeon Crawl Stone Soup version 0.30-a0-12-gd8047c6341 (webtiles) character file.

Game seed: 8845974752826750416

21 NinjaNoafa the Insei (level 2, -2/37 HPs)
             Began as a Gnoll Transmuter on Aug 23, 2022.
             Slain by Terence
             ... wielding a +0 mace
              (5 damage)
             ... on level 2 of the Dungeon.
             The game lasted 00:06:07 (1266 turns).

NinjaNoafa the Insei (Gnoll Transmuter)             Turns: 1266, Time: 00:06:08

Health: -2/37      AC: 21    Str:  7 (9)  XL:     2   Next: 83%
Magic:  7/7        EV:  2    Int: 10 (12) God:
Gold:   110        SH:  0    Dex:  9 (12) Spells: 9/10 levels left

rFire   + . .      SeeInvis .    i - staff of fire
rCold   . . .      Faith    .    (no shield)
rNeg    . . .      Spirit   .    (body armour currently unavailable)
rPois   +          Reflect  .    (helmet currently unavailable)
rElec   .          Harm     .    (cloak currently unavailable)
rCorr   .          Rampage  .    (gloves currently unavailable)
Will    .....      Clarity  +    (boots currently unavailable)
Stlth   +......... NoTele   +    (no amulet)
HPRegen 0.12/turn                (no ring)
MPRegen 0.10/turn                (no ring)

@: tree-form (expiring), weak-willed, hasted, very quick
A: stationary, stasis, torment immunity, boosted hp, (fangs 1), strong nose,
distributed training, (talons 1), clarity, robust 1, MP-powered wands
a: no special abilities


You were on level 2 of the Dungeon.
You were a tree.
You visited 1 branch of the dungeon, and saw 2 of its levels.

You collected 110 gold pieces.

Inventory:

Missiles
 d - 17 stones
Armour
 a - a +0 robe (melded)
 h - a +1 cloak (melded)
Magical Staves
 i - a staff of fire (weapon)
 k - a staff of cold
Scrolls
 c - a scroll of vulnerability
Potions
 b - a potion of lignification
 e - a potion of mutation


   Skills:
 + Level 2.5 Fighting
 + Level 0.5 Short Blades
 + Level 0.5 Long Blades
 + Level 0.5 Axes
 + Level 0.5 Maces & Flails
 + Level 0.5 Polearms
 + Level 0.5 Staves
 + Level 0.5 Ranged Weapons
 + Level 0.5 Throwing
 + Level 0.5 Armour
 + Level 4.5 Dodging
 + Level 0.5 Stealth
 + Level 0.5 Shields
 + Level 6.5 Unarmed Combat
 + Level 4.9 Spellcasting
 + Level 0.4 Conjurations
 + Level 0.4 Hexes
 + Level 0.4 Summonings
 + Level 0.4 Necromancy
 + Level 0.4 Translocations
 + Level 3.7 Transmutations
 + Level 0.4 Fire Magic
 + Level 0.4 Ice Magic
 + Level 0.4 Air Magic
 + Level 0.4 Earth Magic
 + Level 0.4 Poison Magic
 + Level 0.7 Invocations
 + Level 0.5 Evocations


You had 9 spell levels left.
You knew the following spells:

 Your Spells              Type           Power      Damage    Failure   Level
a - Beastly Appendage     Tmut           18%        N/A       4%          1

Your spell library contained the following spells:

 Spells                   Type           Power      Damage    Failure   Level
 Wereblood                Tmut           9%         N/A       8%          2
 Apportation              Tloc           6%         N/A       21%         1
 Necrotise                Necr           12%        1d4       21%         1
 Summon Small Mammal      Summ           12%        N/A       21%         1
 Scorch                   Fire           8%         2d5       30%         2
 Spider Form              Tmut/Pois      6%         N/A       30%         3
 Ice Form                 Ice/Tmut       6%         N/A       69%         4
 Flame Wave               Conj/Fire      4%         2d5       89%         4
 Summon Cactus Giant      Summ           1%         N/A       100%        6


Dungeon Overview and Level Annotations

Branches:
Dungeon (2/15)

Altars:

Shops:
D:1 =

Annotations:
D:2 Terence


Innate Abilities, Weirdness & Mutations

You are a tree.
Your roots penetrate the ground, keeping you stationary.
You cannot be teleported.
You are immune to unholy pain and torment.
Your maximum health is greatly increased.
Your equipment is partially melded.
((You have very sharp teeth.))
Your uncanny sense of smell can sniff out nearby items.
Your experience applies equally to all skills.
((You have sharp toenails.))
You possess an exceptional clarity of mind.
You are robust. (+10% HP)
You expend magic power (3 MP) to strengthen your wands.


Message History

* * * LOW HITPOINT WARNING * * *
You hit Terence but do no damage. You punch Terence, but do no damage.
Terence is moderately wounded.
The dart slug bites you but does no damage.
The giant cockroach barely misses you.
You hit Terence but do no damage.
Terence is moderately wounded.
Terence hits you but does no damage.
The giant cockroach bites you but does no damage.
You hit Terence but do no damage.
Terence is moderately wounded.
Terence hits you but does no damage.
The dart slug bites you but does no damage.
The giant cockroach bites you but does no damage.
You barely miss Terence.
Terence is moderately wounded.
Terence hits you with a +0 mace.
* * * LOW HITPOINT WARNING * * *
The giant cockroach bites you but does no damage.
The dart slug bites you but does no damage.
You barely miss Terence.
Terence is moderately wounded.
Terence hits you but does no damage.
You hit the dart slug.
The dart slug is moderately wounded.
The giant cockroach bites you but does no damage.
You hit the dart slug.
The dart slug is severely wounded.
The giant cockroach bites you but does no damage.
The dart slug launches a dart at you. The slug dart hits you.
* * * LOW HITPOINT WARNING * * *
Terence hits you but does no damage.
You hit the dart slug.
The dart slug is almost dead.
Your transformation is almost over.
The giant cockroach bites you but does no damage.
An endoplasm comes into view.
Terence hits you with a +0 mace.
You die...

#......... ........
....... #.....#
#..#..# #.##J# #.
#..r.#### ..
##.@wB...###.#
##...♣.....##.#
#...<.......#.#
#...........#.# ##.
#...........#.# ##..
##............###...
##...#...##....#.#
###.#######.....####
#...# #.....)...#
###.# #.#†)####.


You could see Terence (weak-willed), a dart slug (weak-willed), an endoplasm
(wandering), a giant cockroach (weak-willed) and a rat.

Vanquished Creatures
  A dart slug (D:1)
  2 endoplasms (D:1)
  A goblin (D:1)
  4 hobgoblins
  A quokka (D:1)
  2 ball pythons
  2 bats (D:1)
  2 frilled lizards (D:1)
  3 kobolds
18 creatures vanquished.

Vanquished Creatures (others)
  A bat (D:2)
1 creature vanquished.

Grand Total: 19 creatures vanquished

Notes
Turn   | Place    | Note
-------+----------+-------------------------------------------
     0 | D:1      | NinjaNoafa the Gnoll Transmuter began the quest for the
                  | Orb.
     0 | D:1      | Reached XP level 1. HP: 17/17 MP: 6/6
   562 | D:1      | Found Lynnaus's Jewellery Shop.
   580 | D:1      | Reached XP level 2. HP: 23/23 MP: 5/7
  1237 | D:2      | Noticed Terence
  1248 | D:2      | Gained mutation: You are robust. (+10% HP) [potion of
                  | mutation]
  1248 | D:2      | Gained mutation: You have sharp toenails. [potion of
                  | mutation]
  1248 | D:2      | Gained mutation: You expend magic power (3 MP) to
                  | strengthen your wands. [potion of mutation]
  1248 | D:2      | Gained mutation: You possess an exceptional clarity of
                  | mind. [potion of mutation]
  1266 | D:2      | Slain by Terence

Illustrated notes

Levels and vault maps discovered:
D:1:      dpeg_arrival_central, layout_loops_corners, serial_shops, shop
D:2:      layout_rooms, uniq_terence

Action                   || total
-------------------------++-------
Melee: Unarmed           ||    27
       Kick              ||     7
       Bite              ||     3
       Headbutt          ||     2
       Staff             ||    26
       Punch             ||     2
 Cast: Beastly Appendage ||    15
  Use: Potion            ||     4
       Scroll            ||     2
 Stab: Sleeping          ||     1
Armor: Robe              ||    12
       Skin              ||    34
Dodge: Dodged            ||    40

Table legend: (Time is in decaauts)
 A = Elapsed time spent in this place.
 B = Non-inter-level travel time spent in this place.
 C = Inter-level travel time spent in this place.
 D = Time resting spent in this place.
 E = Time spent auto-exploring this place.
 F = Levels seen in this place.
 G = Mean time per level.
                   A        B        C        D        E       F      G
               +--------+--------+--------+--------+--------+-----+--------+
         Total |   1260 |   1234 |     26 |      0 |   1038 |   2 |  630.0 |
       Dungeon |   1260 |   1234 |     26 |      0 |   1038 |   2 |  630.0 |
               +--------+--------+--------+--------+--------+-----+--------+

Top non-repeatable levels by time:
     D:1: 1144 daAuts
     D:2: 116 daAuts
